 Seeded DCSS version 0.30-a0-373-gd37427bb62 (webtiles) character file.

Game seed: 9179525984983259192 (custom seed)

16719 purpskrrrp the Grappler (level 12, -28/183 HPs)
             Began as a Troll Fighter on Nov 24, 2022.
             Was a High Priest of Kikubaaqudgha.
             Annihilated by a very large slime creature (52 damage)
             ... on level 13 of the Dungeon.
             The game lasted 00:28:39 (9994 turns).

purpskrrrp the Grappler (Troll Fighter)             Turns: 9994, Time: 00:28:39

Health: -28/183    AC:  9    Str: 33    XL:     12   Next: 12%
Magic:  11/11      EV: 12    Int:  8    God:    Kikubaaqudgha [*****.]
Gold:   1065       SH: 12    Dex: 11    Spells: 5/11 levels left

rFire   + . .      SeeInvis .      - Unarmed
rCold   + . .      Faith    .    b - +0 kite shield
rNeg    + . .      Spirit   .    K - +0 acid dragon scales
rPois   +          Reflect  +    z - -2 hat of the Alchemist {rElec rPois rF+ rC+ rN+ Will+ rMut rCorr}
rElec   +          Harm     .    i - +2 cloak
rCorr   +          Rampage  .    (gloves unavailable)
rMut    +                        (boots unavailable)
Will    +....                    w - amulet "Taet" {Reflect Dex+5 SH+5}
Stlth   ..........               d - ring "Wonapn" {Wiz rCorr Str+3 Dex-2}
HPRegen 1.30/turn                x - +4 ring of evasion
MPRegen 0.12/turn

@: berserking, slowed
A: large, unfitting armour, claws 3, regeneration 1, shaggy fur 1, tough skin 1,
clever 1, mutation resistance 2
a: Renounce Religion, Unearth Wretches, Torment


You were on level 13 of the Dungeon.
You worshipped Kikubaaqudgha.
Kikubaaqudgha was extremely pleased with you.
You visited 1 branch of the dungeon, and saw 13 of its levels.

You collected 1725 gold pieces.
You spent 660 gold pieces at shops.

Inventory:

Missiles
 o - 5 throwing nets (quivered)
Armour
 a - a +0 robe
 b - a +0 kite shield (worn)
 i - a +2 cloak (worn)
 v - +0 steam dragon scales
 z - the -2 hat of the Alchemist (worn) {rElec rPois rF+ rC+ rN+ Will+ rMut rCorr}
   (You bought it in a shop on level 4 of the Dungeon)

   rF:        It protects you from fire.
   rC:        It protects you from cold.
   rElec:     It insulates you from electricity.
   rPois:     It protects you from poison.
   rN:        It protects you from negative energy.
   rCorr:     It protects you from acid and corrosion.
   rMut:      It protects you from mutation.
   Will:      It increases your willpower.
 K - +0 acid dragon scales (worn)
Jewellery
 d - the ring "Wonapn" (left claw) {Wiz rCorr Str+3 Dex-2}
   (You found it on level 3 of the Dungeon)

   [ring of wizardry]

   It improves your spell success rate.
   Str:       It affects your strength (+3).
   Dex:       It affects your dexterity (-2).
   rCorr:     It protects you from acid and corrosion.
 g - a ring of fire
 h - a +6 ring of intelligence
 n - the ring of Zaygrix {Fly rElec}
   (You acquired it on level 2 of the Dungeon)

   [ring of flight]

   rElec:     It insulates you from electricity.
   Fly:       It grants you flight.
 s - a ring of positive energy
 w - the amulet "Taet" (around neck) {Reflect Dex+5 SH+5}
   (You acquired it on level 7 of the Dungeon)

   [amulet of reflection]

   It reflects blocked missile attacks.
   Dex:       It affects your dexterity (+5).
   SH:        It affects your SH (+5).
 x - a +4 ring of evasion (right claw)
 F - a ring of resist corrosion
 N - a ring of protection from cold
Wands
 m - a wand of acid (4)
 y - a wand of polymorph (2)
 A - a wand of charming (11)
 D - a wand of digging (4)
Scrolls
 e - 3 scrolls of noise
 j - a scroll of amnesia
 l - a scroll of poison
 p - 2 scrolls of identify
 t - 3 scrolls of immolation
 u - 4 scrolls of teleportation
 C - a scroll of enchant armour
 E - a scroll of vulnerability
 H - a scroll of enchant weapon {unknown}
 I - a scroll of magic mapping
 M - a scroll of acquirement
Potions
 c - 6 potions of lignification
 k - 5 potions of degeneration
 q - a potion of cancellation
 r - 2 potions of brilliance
 B - 2 potions of curing
 G - a potion of invisibility
 J - 4 potions of flight
 L - a potion of attraction {unknown}
 O - a potion of heal wounds


   Skills:
 + Level 8.6 Fighting
 - Level 2.4 Dodging
 - Level 2.6 Shields
 * Level 13.9 Unarmed Combat
 + Level 7.9 Necromancy
 + Level 3.6 Ice Magic


You had 5 spell levels left.
You knew the following spells:

 Your Spells              Type           Power      Damage    Failure   Level
a - Simulacrum            Ice/Necr       4%         N/A       99%         6

Your spell library contained the following spells:

 Spells                   Type           Power      Damage    Failure   Level
 Necrotise                Necr           48%        1d6       1%          1
 Sublimation of Blood     Necr           12%        N/A       3%          2
 Kiss of Death            Conj/Necr      24%        2d7       11%         1
 Animate Dead             Necr           12%        N/A       19%         4
 Dispel Undead            Necr           12%        3d9       19%         4
 Ozocubu's Armour         Ice            5%         N/A       32%         3
 Agony                    Necr           12%        N/A       45%         5
 Anguish                  Hex/Necr       3%         N/A       65%         4
 Metabolic Englaciation   Hex/Ice        1%         N/A       99%         5
 Death Channel            Necr           6%         N/A       95%         6
 Haunt                    Necr/Summ      3%         N/A       100%        7
 Infestation              Necr           6%         N/A       100%        8


Dungeon Overview and Level Annotations

Branches:
Dungeon (13/15)            Temple (0/1) D:7            Lair (0/5) D:9
    Orc (0/2) D:10
 Vaults: D:13-14

Altars:
Kikubaaqudgha
Wu Jian

Shops:
D:4 *[*!!   D:11 *


Innate Abilities, Weirdness & Mutations

You are too large for most types of armour.
You have claws for hands.
Your natural rate of healing is unusually fast.
You are covered in fur. (AC +1)
You have tough skin. (AC +1)
Your mind is acute. (Int +4, Str/Dex -1)
You are somewhat resistant to both further mutation and mutation removal.


Message History

You are too injured to fight recklessly!
You are too injured to fight recklessly!
You are too injured to fight recklessly!
You are too injured to fight recklessly!
You are too injured to fight recklessly!
You are too injured to fight recklessly!
You are too injured to fight recklessly!
You are too injured to fight recklessly!
You are too injured to fight recklessly!
You are too injured to fight recklessly!
You are too injured to fight recklessly!
You are too injured to fight recklessly!
You are too injured to fight recklessly!
You are too injured to fight recklessly!
You are too injured to fight recklessly!
You are too injured to fight recklessly!
You are too injured to fight recklessly!
You are too injured to fight recklessly!
You are too injured to fight recklessly!
You are too injured to fight recklessly!
You are too injured to fight recklessly!
You are too injured to fight recklessly!
You are too injured to fight recklessly!
You are too injured to fight recklessly!
You are too injured to fight recklessly!
You are too injured to fight recklessly!
You are too injured to fight recklessly!
You are too injured to fight recklessly!
You are too injured to fight recklessly!
Okay, then.
A red film seems to cover your vision as you go berserk!
You feel yourself moving faster!
You feel mighty!
The deep elf pyromancer burns!
You block the fire elemental's attack. The wraith hits you!
* * * LOW HITPOINT WARNING * * *
The deep elf pyromancer gestures wildly while chanting.
The deep elf pyromancer blinks!
The very large slime creature hits you!!!
You die...
Kikubaaqudgha rasps: "You have failed me!
Welcome... death!"

..... ....... ....
....... ...#.......
#.......?..
#.)........
#.......... #.§JW...#
### #..@E...#
...#......##
#$#..e[..~#
#........~# #.
###.##~~~~# #.# ##
######'#~~~~~# #.#
##~~#.......~~~~~##.#
.~~~~.......~~~~~#.#
.~~~~.†......~~~~.#
###


You could see a very large slime creature, a deep elf pyromancer (burning), a
fire elemental (summoned) and a wraith.

Vanquished Creatures
  Azrael (D:12)
  Harold (D:9)
  A two-headed ogre (D:8)
  Pikel (D:6)
  A cyclops (D:12)
  3 manticores
  3 gargoyles
  An unseen horror (D:12)
  2 kobold demonologists
  4 trolls
  A slime creature (D:13)
  Sigmund (D:4)
  A wyvern (D:10)
  4 shadows
  19 yaks
  2 steam dragons
  2 fire elementals (D:12)
  6 vampire mosquitoes
  Edmund (D:4)
  Duvessa (D:4)
  3 acid dragons
  A water moccasin (D:6)
  3 hell hounds (D:12)
  An ice beast (D:7)
  A black bear (D:7)
  A sky beast (D:7)
  2 ogres
  5 orc warriors
  3 lemures (D:6)
  5 centaurs
  5 kobold brigands
  3 bullfrogs
  Blork the orc (D:4)
  2 scorpions (D:5)
  A necrophage (D:5)
  Dowan (D:4)
  3 killer bees (D:9)
  2 electric eels
  A howler monkey (D:9)
  3 hounds
  2 gnoll boudas
  4 orc priests
  A jelly (D:7)
  Crazy Yiuf (D:3)
  Jessica (D:3)
  7 iguanas
  Terence (D:3)
  17 orc wizards
  The ghost of flotson the Sneak, a weakling DsDe (D:3)
  10 gnolls
  8 adders
  3 white imps
  2 worms
  5 dart slugs
  37 orcs
  11 endoplasms
  3 giant cockroaches
  6 goblins
  10 hobgoblins
  19 kobolds
  9 quokkas
  7 ball pythons
  3 bats
  7 frilled lizards
  3 rats (D:2)
281 creatures vanquished.

Vanquished Creatures (collateral kills)
  A kobold demonologist (D:12)
  3 fire elementals (D:12)
  A kobold (D:12)
5 creatures vanquished.

Vanquished Creatures (others)
  2 goblins (D:4)
  A kobold (D:6)
3 creatures vanquished.

Grand Total: 289 creatures vanquished

Notes
Turn   | Place    | Note
-------+----------+-------------------------------------------
     0 | D:1      | purpskrrrp the Troll Fighter began the quest for the Orb.
     0 | D:1      | Reached XP level 1. HP: 22/22 MP: 0/0
   205 | D:1      | Reached XP level 2. HP: 29/29 MP: 1/1
   247 | D:1      | Found a faded altar of an unknown god.
   274 | D:1      | Prayed at the altar of an unknown god.
   274 | D:1      | Became a worshipper of Kikubaaqudgha
   274 | D:1      | Reached * piety under Kikubaaqudgha
   274 | D:1      | Received a gift from Kikubaaqudgha
   457 | D:1      | Reached skill level 3 in Unarmed Combat
   584 | D:1      | Reached XP level 3. HP: 32/36 MP: 2/2
   929 | D:2      | Reached ** piety under Kikubaaqudgha
  1026 | D:2      | Reached XP level 4. HP: 45/45 MP: 3/3
  1092 | D:2      | Identified a scroll of acquirement
  1092 | D:2      | Acquired the ring of Zaygrix {Fly rElec}
  1407 | D:2      | Reached skill level 4 in Unarmed Combat
  1576 | D:2      | HP: 2/45 [kobold/+0 short sword (3)]
  1583 | D:2      | Gained mutation: You are frail. (-10% HP) [potion of
                  | mutation]
  1583 | D:2      | Gained mutation: Your system is resistant to poisons.
                  | (rPois) [potion of mutation]
  1801 | D:3      | Reached XP level 5. HP: 47/47 MP: 4/4
  1821 | D:3      | Identified the ring "Wonapn" {Wiz rCorr Str+3 Dex-2}
  1861 | D:3      | Found a large runed translucent door.
  1861 | D:3      | Found a large runed translucent door.
  1865 | D:3      | Noticed flotson's ghost (weakling DsDe)
  1930 | D:3      | Found a runed translucent door.
  1931 | D:3      | Noticed Crazy Yiuf
  2067 | D:3      | Noticed Jessica
  2073 | D:3      | Killed Jessica
  2235 | D:3      | Noticed Terence
  2239 | D:3      | Killed Terence
  2240 | D:3      | Reached skill level 1 in Necromancy
  2449 | D:3      | Killed Crazy Yiuf
  2511 | D:3      | Killed flotson's ghost
  2551 | D:4      | Found Dousmiwo's General Store.
  2551 | D:4      | Found Beunanua's Antique Armour Emporium.
  2574 | D:4      | Found Utyedi's Distillery.
  2591 | D:4      | Found Diqebivu's General Store.
  2760 | D:4      | Reached skill level 5 in Unarmed Combat
  2760 | D:4      | Reached XP level 6. HP: 54/54 MP: 5/5
  2761 | D:4      | Noticed Edmund
  2777 | D:4      | Killed Edmund
  2872 | D:4      | Reached *** piety under Kikubaaqudgha
  2872 | D:4      | Received a gift from Kikubaaqudgha
  2939 | D:4      | Found Leeg's Distillery.
  2970 | D:4      | Noticed Blork the orc
  2988 | D:4      | Killed Blork the orc
  3109 | D:4      | Noticed Dowan
  3111 | D:4      | Noticed Duvessa
  3119 | D:4      | Killed Duvessa
  3120 | D:4      | Reached skill level 6 in Unarmed Combat
  3120 | D:4      | Reached XP level 7. HP: 40/63 MP: 6/6
  3128 | D:4      | Killed Dowan
  3148 | D:4      | Noticed Sigmund
  3211 | D:4      | Killed Sigmund
  3278 | D:5      | Entered Level 5 of the Dungeon
  3316 | D:5      | Reached skill level 7 in Unarmed Combat
  3316 | D:5      | Reached XP level 8. HP: 13/71 MP: 7/7
  3695 | D:5      | Found an ornate altar of the Wu Jian Council.
  3826 | D:6      | Reached skill level 5 in Fighting
  3946 | D:6      | Reached skill level 8 in Unarmed Combat
  4089 | D:6      | HP: 1/72 [lemure[Pikel] (6)]
  4279 | D:6      | Noticed Pikel
  4295 | D:6      | Killed Pikel
  4296 | D:6      | Reached XP level 9. HP: 33/79 MP: 8/8
  4360 | D:6      | You are sucked into a shaft and drop 2 floors!
  4395 | D:7      | Reached skill level 9 in Unarmed Combat
  4480 | D:7      | Found a staircase to the Ecumenical Temple.
  4711 | D:6      | Reached **** piety under Kikubaaqudgha
  5108 | D:6      | Lost mutation: You are frail. (-10% HP) [potion of
                  | mutation]
  5108 | D:6      | Lost mutation: Your system is resistant to poisons. (rPois)
                  | [potion of mutation]
  5108 | D:6      | Gained mutation: You are somewhat resistant to further
                  | mutation. [potion of mutation]
  5108 | D:6      | Gained mutation: You are somewhat resistant to both further
                  | mutation and mutation removal. [potion of mutation]
  5108 | D:6      | Gained mutation: Your mind is acute. (Int +4, Str/Dex -1)
                  | [potion of mutation]
  5276 | D:7      | Reached skill level 5 in Necromancy
  5731 | D:7      | Acquired 937 gold pieces
  5733 | D:7      | Acquired the amulet "Taet" {Reflect Dex+5 SH+5}
  5798 | D:4      | Bought the -2 hat of the Alchemist {rElec rPois rF+ rC+ rN+
                  | Will+ rMut rCorr} for 660 gold pieces
  5798 | D:4      | Found the -2 hat of the Alchemist {rElec rPois rF+ rC+ rN+
                  | Will+ rMut rCorr}
  5810 | D:4      | Learned a level 6 spell: Simulacrum
  5901 | D:8      | Reached skill level 10 in Unarmed Combat
  6015 | D:8      | Reached XP level 10. HP: 95/100 MP: 9/9
  6343 | D:8      | Noticed a two-headed ogre
  6350 | D:8      | Killed a two-headed ogre
  6351 | D:8      | Reached skill level 11 in Unarmed Combat
  6540 | D:9      | Noticed Harold
  6564 | D:9      | Killed Harold
  6796 | D:9      | Found a staircase to the Lair.
  6899 | D:9      | Reached skill level 12 in Unarmed Combat
  6916 | D:9      | Identified the +1 leather armour of the Cartwright {Harm
                  | +Inv}
  6939 | D:9      | Found a transporter.
  7251 | D:10     | Entered Level 10 of the Dungeon
  7325 | D:10     | Reached skill level 1 in Ice Magic
  7325 | D:10     | Reached XP level 11. HP: 109/109 MP: 10/10
  7365 | D:10     | Found a staircase to the Orcish Mines.
  7407 | D:10     | Reached ***** piety under Kikubaaqudgha
  7809 | D:10     | Noticed an orc knight
  8388 | D:11     | Found Bypoat's Assorted Antiques.
  8923 | D:11     | Reached skill level 13 in Unarmed Combat
  9141 | D:12     | Noticed Azrael
  9162 | D:12     | Killed Azrael
  9814 | D:13     | Reached XP level 12. HP: 120/122 MP: 11/11
  9994 | D:13     | Annihilated by a very large slime creature

Illustrated notes

Levels and vault maps discovered:
D:1:      elethiomel_arrival_maze, layout_rooms,
          chequers_ecumenical_altar_island, serial_corexii_hall,
          corexii_hall_statues_s, corexii_hall_statues_i, minmay_misc_feat_roman
D:2:      minmay_razor_zed, layout_basic
D:3:      layout_loops_ring, ebering_ghost_disaster_area, uniq_terence,
          uniq_crazy_yiuf_cottage, uniq_jessica
D:4:      layout_loops_ring, serial_shops, nicolae_stop_n_shop_1,
          nicolae_shop_trees, shop, nicolae_shop_crystal, nicolae_diamond_shop,
          mrwooster_statue_mirror, uniq_blork_the_orc, uniq_duvessa,
          uniq_edmund, uniq_sigmund
D:5:      layout_rooms, nicolae_wu_jian_immortal_techniques
D:6:      layout_loops_ring, uniq_pikel
D:7:      layout_loops_ring, temple_green
D:8:      layout_basic
D:9:      layout_basic, lair_entry_dummy, statue_in_the_mist_lemuel,
          nicolae_diode_basic, uniq_harold
D:10:     layout_loops_ring, minmay_orc_entry_temple_small, kennysheep_path_1,
          onia_ninara_dug_in_and_dangerous
D:11:     layout_roguey, serial_shops, shop, due_unseen_surprise
D:12:     layout_big_octagon, uniq_azrael
D:13:     layout_basic, david_vaults_5, serial_shops, nicolae_shop_hallway_plus

Skill      XL: |  1  2  3  4  5  6  7  8  9 10 11 |
---------------+----------------------------------+-----
Unarmed Combat | 3 4 5 6 7 8 10 12 13 | 13.9
Fighting       | 3 4 5 6 7 8 |  8.6
Necromancy     | 1 2 3 4 5 6 7 |  7.9
Ice Magic      | 1 3 |  3.6
Dodging        | |  2.4
Shields        | |  2.6

Action                   |  1- 3 |  4- 6 |  7- 9 | 10-12 || total
-------------------------+-------+-------+-------+-------++-------
Melee: Unarmed           |    99 |   141 |   268 |   356 ||   864
Invok: Unearth Wretches  |       |     1 |     1 |       ||     2
Evoke: Wand              |       |       |       |     2 ||     2
  Use: Scroll            |       |     9 |    11 |    11 ||    31
       Potion            |       |    11 |     4 |     4 ||    19
 Stab: Sleeping          |       |     2 |       |       ||     2
       Paralysed         |       |       |     1 |       ||     1
Armor: Robe              |    27 |    25 |    66 |       ||   118
       Steam dragon scal |       |       |    19 |    30 ||    49
       Acid dragon scale |       |       |       |    61 ||    61
Dodge: Dodged            |    21 |    49 |    90 |   125 ||   285
Block: Kite shield       |    26 |    30 |    83 |   203 ||   342
       Reflection        |       |       |     4 |     8 ||    12

Table legend: (Time is in decaauts)
 A = Elapsed time spent in this place.
 B = Non-inter-level travel time spent in this place.
 C = Inter-level travel time spent in this place.
 D = Time resting spent in this place.
 E = Time spent auto-exploring this place.
 F = Levels seen in this place.
 G = Mean time per level.
                   A        B        C        D        E       F      G
               +--------+--------+--------+--------+--------+-----+--------+
         Total |   9977 |   9275 |    702 |    407 |   6835 |  13 |  767.5 |
       Dungeon |   9977 |   9275 |    702 |    407 |   6835 |  13 |  767.5 |
               +--------+--------+--------+--------+--------+-----+--------+

Top non-repeatable levels by time:
     D:6: 1131 daAuts
     D:2: 1023 daAuts
    D:11: 945 daAuts
     D:7: 867 daAuts
    D:10: 833 daAuts
     D:3: 816 daAuts
     D:9: 761 daAuts
     D:4: 746 daAuts
    D:12: 737 daAuts
     D:1: 731 daAuts
     D:8: 614 daAuts
     D:5: 564 daAuts
    D:13: 205 daAuts
